 Dungeon Crawl Stone Soup version 0.24.0-123-gd5b16e6ec5 (webtiles) character file.

Game seed: 5093280327365561373, levelgen mode: deterministic

1327 Norian the Thaumaturge (level 8, -10/41 HPs)
             Began as a Deep Elf Conjurer on Dec 25, 2019.
             Was an Initiate of Vehumet.
             Killed from afar by NikiYani's ghost (15 damage)
             ... with a flame tongue
             ... on level 4 of the Dungeon.
             The game lasted 00:12:38 (5656 turns).

Norian the Thaumaturge (Deep Elf Conjurer)          Turns: 5656, Time: 00:12:39

Health: -10/41     AC:  6    Str:  7    XL:     8   Next: 34%
Magic:  3/22       EV: 14    Int: 21    God:    Vehumet [......]
Gold:   153        SH:  0    Dex: 15    Spells: 14/23 levels left

rFire    . . .     SeeInvis .   o - +3 quarterstaff (chaos)
rCold    . . .     Gourm    .   (shield currently unavailable)
rNeg     . . .     Faith    .   a - +0 robe
rPois    .         Spirit   .   (no helmet)
rElec    .         Reflect  .   p - +1 cloak
rCorr    .         Harm     .   x - +0 pair of gloves
MR       +....                  z - +0 pair of boots
Stlth    ++........             (no amulet)
HPRegen  0.13/turn              e - ring of wizardry
MPRegen  0.18/turn              n - ring of protection from magic

@: no status effects
A: no striking features
a: Renounce Religion


You were on level 4 of the Dungeon.
You worshipped Vehumet.
Vehumet was noncommittal.
You were not hungry.

You visited 2 branches of the dungeon, and saw 6 of its levels.

You collected 153 gold pieces.

Inventory:

Hand Weapons
 o - a +3 quarterstaff of chaos (weapon)
Armour
 a - a +0 robe (worn)
 p - a +1 cloak (worn)
 v - a +0 leather armour of fire resistance
 x - a +0 pair of gloves (worn)
 z - a +0 pair of boots (worn)
Jewellery
 e - a ring of wizardry (left hand)
 l - an uncursed ring of stealth
 n - a ring of protection from magic (right hand)
 w - an uncursed ring of protection from cold
Wands
 s - a wand of iceblast (5)
Scrolls
 d - a scroll of noise {unknown}
 f - 2 scrolls of enchant weapon {unknown}
 g - 3 scrolls of remove curse {unknown}
 h - 5 scrolls of identify {unknown}
 i - 2 scrolls of immolation {unknown}
 j - a scroll of fear {unknown}
 m - a scroll of enchant armour {unknown}
 r - 4 scrolls of teleportation {unknown}
 y - a scroll of amnesia {unknown}
Potions
 b - a potion of mutation {unknown}
 k - a potion of brilliance {unknown}
 q - a potion of cancellation
 t - a potion of flight {unknown}
Comestibles
 c - 10 rations


   Skills:
 + Level 1.3 Armour
 + Level 3.5 Dodging
 - Level 2.4 Stealth
 + Level 8.3 Spellcasting
 + Level 7.9 Conjurations
 - Level 6.1 Hexes


You had 14 spell levels left.
You knew the following spells:

 Your Spells              Type           Power        Failure   Level  Hunger
a - Magic Dart            Conj           ####         1%          1    None
b - Iskenderun's Mystic   Conj           #####...     1%          4    ###....
c - Fulminant Prism       Conj/Hex       #####.....   1%          4    ###....

Your spell library contained the following spells:

 Spells                   Type           Power        Failure   Level  Hunger
 Confusing Touch          Hex            ####..       1%          1    None
 Searing Ray              Conj           #####.       1%          2    None
 Dazzling Spray           Conj/Hex       #####.       1%          3    None
 Animate Skeleton         Necr           N/A          3%          1    None
 Apportation              Tloc           #.....       3%          1    None
 Summon Small Mammal      Summ           #...         3%          1    None
 Force Lance              Conj/Tloc      ####....     6%          4    ###....


Dungeon Overview and Level Annotations

Branches:
Dungeon (5/15)             Temple (1/1) D:5

Altars:
Dithmenos
Elyvilon
Gozag
Okawaru
Qazlal
Vehumet
Yredelemnul
Beogh

Annotations:
D:4 NikiYani's ghost, novice OpFE


Message History

NikiYani's ghost stares at you and mumbles some strange words.
The flame tongue hits you!
Unknown command.
Casting: Iskenderun's Mystic Blast (safe; 1% risk of failure)
Confirm with . or Enter, or press ? or * to list all spells.
Aiming: Iskenderun's Mystic Blast (safe; 1% risk of failure)
Press: ? - help, Shift-Dir - straight line, f/p - NikiYani's ghost
Aim: NikiYani's ghost, wielding a vorpal weapon (severely damaged)
The orb of energy misses NikiYani's ghost.
NikiYani's ghost stares at you.
NikiYani's ghost stares at you and mumbles some strange words.
The flame tongue hits you!
* * * LOW HITPOINT WARNING * * *
You feel better. NikiYani's ghost hits you.
* * * LOW HITPOINT WARNING * * *
x2 It was a potion of cancellation.
You feel magically purged.
Your magical contamination has completely faded away.
NikiYani's ghost stares at you and mumbles some strange words.
The flame tongue hits you!
You die...

#....#.#.# #.####
#[...#['.## #.....
#_.8.#))..# ######
#[...#.)..##########
#....#.#............
#..##..#.###########
#..8#..#.#
#..##..#.#
#8.@W).#.#
########8# ###


You could see NikiYani's ghost.

Vanquished Creatures
  Sigmund (D:4)
  Duvessa (D:4)
  An ice beast (D:5)
  2 centaurs (D:5)
  An ogre (D:5)
  A scorpion (D:4)
  Dowan (D:4)
  A quasit (D:5)
  A bullfrog skeleton (D:5)
  A hound (D:3)
  2 orc priests
  Crazy Yiuf (D:2)
  4 orc wizards
  Terence (D:2)
  A worker ant (D:4)
  8 gnolls
  6 adders
  An adder skeleton (D:4)
  6 worms
  3 dart slugs (D:2)
  35 orcs
  3 ball pythons
  4 giant cockroaches
  13 hobgoblins
  6 jackals
  11 kobolds
  4 quokkas
  5 bats
  9 frilled lizards
  8 goblins
  A quokka skeleton (D:4)
  10 rats
153 creatures vanquished.

Vanquished Creatures (others)
  An ooze (D:3)
  A quokka (D:3)
  20 fulminant prisms
22 creatures vanquished.

Grand Total: 175 creatures vanquished

Notes
Turn   | Place    | Note
-------+----------+-------------------------------------------
     0 | D:1      | Norian the Deep Elf Conjurer began the quest for the Orb.
     0 | D:1      | Reached XP level 1. HP: 10/10 MP: 6/6
   162 | D:1      | Reached XP level 2. HP: 15/15 MP: 4/8
   668 | D:2      | Noticed an earth elemental
   670 | D:2      | Found a stormy altar of Qazlal.
   671 | D:2      | Noticed a fire elemental
   671 | D:2      | Noticed a water elemental
   671 | D:2      | Noticed an air elemental
   691 | D:2      | Reached skill level 4 in Spellcasting
   691 | D:2      | Reached XP level 3. HP: 19/19 MP: 3/10
   695 | D:2      | Reached skill level 5 in Conjurations
   762 | D:2      | Found an iron altar of Okawaru.
  1051 | D:2      | Found a runed translucent door.
  1052 | D:2      | Noticed Crazy Yiuf
  1275 | D:2      | Reached XP level 4. HP: 24/24 MP: 5/12
  1282 | D:2      | Learned a level 4 spell: Iskenderun's Mystic Blast
  1287 | D:2      | Learned a level 4 spell: Fulminant Prism
  1344 | D:2      | Noticed Terence
  1547 | D:2      | Killed Terence
  1547 | D:2      | Reached skill level 1 in Hexes
  1714 | D:2      | Reached skill level 5 in Spellcasting
  2109 | D:2      | Killed Crazy Yiuf
  2109 | D:2      | Reached XP level 5. HP: 28/28 MP: 5/14
  2329 | D:3      | Found a white marble altar of Elyvilon.
  2615 | D:3      | Reached XP level 6. HP: 24/32 MP: 9/16
  2897 | D:3      | Reached skill level 6 in Spellcasting
  3401 | D:4      | Noticed Sigmund
  3406 | D:4      | Killed Sigmund
  3406 | D:4      | Reached XP level 7. HP: 36/36 MP: 7/19
  3438 | D:4      | Noticed Duvessa
  3440 | D:4      | Noticed Dowan
  3625 | D:4      | Reached skill level 7 in Spellcasting
  3625 | D:4      | Reached skill level 5 in Hexes
  3951 | D:4      | Found a shadowy altar of Dithmenos.
  3951 | D:4      | Found a basalt altar of Yredelemnul.
  3984 | D:4      | Found a runed translucent gate.
  3986 | D:4      | Found a runed translucent gate.
  3987 | D:4      | Found a runed translucent gate.
  3987 | D:4      | Noticed NikiYani's ghost (novice OpFE)
  3990 | D:4      | Found a roughly hewn altar of Beogh.
  4067 | D:5      | Entered Level 5 of the Dungeon
  4128 | D:5      | HP: 1/36 [orc/+0 hand axe (5)]
  4434 | D:5      | Found a staircase to the Ecumenical Temple.
  4443 | Temple   | Entered the Ecumenical Temple
  4458 | Temple   | Became a worshipper of Vehumet
  4473 | D:5      | Reached XP level 8. HP: 41/41 MP: 7/21
  4589 | D:5      | Reached skill level 8 in Spellcasting
  5215 | D:4      | Killed Dowan
  5222 | D:4      | Killed Duvessa
  5222 | D:4      | Reached skill level 1 in Armour
  5654 | D:4      | HP: 2/41 [NikiYani's ghost/flame tongue (11)]
  5656 | D:4      | Killed from afar by NikiYani's ghost

Levels and vault maps discovered:
D:1:      matt_arrival_refuge, layout_basic
D:2:      kennysheep_six_static_rooms, layout_basic,
          nicolae_qazlal_style_of_elements, okawaru_trees_2, uniq_terence,
          uniq_crazy_yiuf_cottage
D:3:      layout_basic, elyvilon_altar_4, feat_on_display
D:4:      layout_loops_ring, amethyst_overflow_temple_binary, first_ration,
          biasface_ghost_orc_armoury, uniq_duvessa, uniq_sigmund
D:5:      layout_loops_ring, temple_green, minmay_misc_feat_more_columns
Temple:   bh_familiar_temple

Skill      XL: |  1  2  3  4  5  6  7  8 |
---------------+-------------------------+-----
Spellcasting   | 4 5 6 7 8 |  8.3
Conjurations   | 5 6 7 |  7.9
Hexes          | 1 3 4 6 |  6.1
Dodging        | 3 |  3.5
Armour         | 1 |  1.3
Stealth        | |  2.4

Action                   |  1- 3 |  4- 6 |  7- 9 || total
-------------------------+-------+-------+-------++-------
Melee: Unarmed           |     3 |       |       ||     3
       Quarterstaff      |       |    13 |    17 ||    30
 Cast: Magic Dart        |    89 |   110 |    44 ||   243
       Iskenderun's Myst |       |    12 |    20 ||    32
       Fulminant Prism   |       |     9 |    11 ||    20
Evoke: Wand              |       |       |     4 ||     4
  Use: Potion            |       |       |     3 ||     3
  Eat: Chunk             |     1 |     6 |     8 ||    15
       Ration            |       |     1 |     1 ||     2
Armor: Robe              |     5 |     6 |    16 ||    27
Dodge: Dodged            |    20 |    19 |    36 ||    75
